 Dungeon Crawl Stone Soup version 0.26.1-2-gb8aa6d0cf2 (webtiles) character file.

Game seed: 1395063064562647132

4389 teolandon225 the Basher (level 10, -3/64 HPs)
             Began as a Gargoyle Gladiator on Mar 1, 2021.
             Was a Priest of Wu Jian.
             Slain by a two-headed ogre
             ... wielding a +0 giant club
              (14 damage)
             ... on level 8 of the Dungeon.
             The game lasted 00:16:39 (10725 turns).

teolandon225 the Basher (Gargoyle Gladiator)       Turns: 10725, Time: 00:16:40

Health: -3/64      AC: 20    Str: 20    XL:     10   Next: 35%
Magic:  10/10      EV:  9    Int: 10    God:    Wu Jian [***...]
Gold:   438        SH:  0    Dex: 11    Spells: 9/9 levels left

rFire    + . .     SeeInvis +   r - +0 dire flail (holy)
rCold    + . .     Faith    .   (shield currently unavailable)
rNeg     + . .     Spirit   .   e - +0 chain mail
rPois    ∞         Reflect  .   c - +0 helmet
rElec    +         Harm     .   G - scarf {rC+ rF+}
rCorr    .         Rampage  .   n - +0 pair of gloves
Will     .....                  (no boots)
Stlth    ..........             (no amulet)
HPRegen  0.20/turn              l - ring of see invisible
MPRegen  0.12/turn              (no ring)

@: serpent's lash
A: negative energy resistance 1, electricity resistance, unbreathing,
petrification resistance, miasma immunity, AC +7
a: Renounce Religion, Wall Jump, Serpent's Lash


You were on level 8 of the Dungeon.
You worshipped Wu Jian.
Wu Jian was most pleased with you.
You visited 1 branch of the dungeon, and saw 8 of its levels.

You collected 438 gold pieces.

Inventory:

Hand Weapons
 a - a +1 flail
 r - a +0 dire flail of holy wrath (weapon)
 A - a -1 morningstar
Missiles
 d - 3 throwing nets (quivered)
Armour
 c - a +0 helmet (worn)
 e - a +0 chain mail (worn)
 n - a +0 pair of gloves (worn)
 x - a +2 cloak of poison resistance
 G - a scarf of resistance (worn)
 I - a +3 ring mail
Jewellery
 b - a +4 ring of slaying
 l - a ring of see invisible (left hand)
Wands
 g - a wand of enslavement (12)
 p - a wand of random effects (27)
 y - a wand of acid (8)
 D - a wand of iceblast (9)
 H - a wand of flame (9)
Scrolls
 f - 7 scrolls of remove curse
 h - 2 scrolls of teleportation
 v - 3 scrolls of fog
 w - 3 scrolls of amnesia
 B - 3 scrolls of identify
 C - 2 scrolls of enchant armour
 E - a scroll of enchant weapon
 F - a scroll of silence {unknown}
Potions
 i - 6 potions of brilliance
 j - 4 potions of curing
 k - 3 potions of flight
 m - 2 potions of invisibility
 o - 2 potions of mutation
 q - a potion of resistance
 s - 2 potions of lignification
 t - a potion of might
 u - a potion of ambrosia
 z - 2 potions of heal wounds


   Skills:
 + Level 8.0 Fighting
 * Level 10.3 Maces & Flails
 - Level 1.7 Throwing
 + Level 7.5 Armour
 + Level 4.6 Dodging


You had 9 spell levels left.
You didn't know any spells.
Your spell library was empty.

Dungeon Overview and Level Annotations

Branches:
Dungeon (8/15)             Temple (0/1) D:4
   Lair: D:8-11

Altars:
Ashenzari
Cheibriados
Dithmenos
Gozag
Kikubaaqudgha
Nemelex Xobeh
Okawaru
Trog
Wu Jian
Yredelemnul


Innate Abilities, Weirdness & Mutations

You are resistant to torment.
Your stone body is resilient. (AC +7)
You are immune to poison.
You resist negative energy. (rN+)
You are resistant to electric shocks. (rElec)
You can survive without breathing.
You are immune to petrification.
You are immune to miasma.


Message History

You barely miss the two-headed ogre.
The two-headed ogre is moderately wounded.
You puncture the two-headed ogre!
The two-headed ogre is heavily wounded.
The two-headed ogre closely misses you.
The two-headed ogre hits you with a +0 giant club!
You hit the two-headed ogre.
The two-headed ogre is heavily wounded.
The two-headed ogre hits you with a +0 giant club!
The two-headed ogre hits you but does no damage.
You feel much better.
You completely miss the two-headed ogre.
The two-headed ogre is heavily wounded.
The two-headed ogre hits you with a +0 giant club! x2
* * * LOW HITPOINT WARNING * * *
You hit the two-headed ogre.
The two-headed ogre is heavily wounded.
The two-headed ogre barely misses you.
The two-headed ogre hits you with a +0 giant club!
You die...

.....## ##................
....... ##...............
.(.....## #...............
........## #.).............
.........####......#..#.....
..........##(..#...#'####...
...........#..##...#.. ##..
...........#O###...###. ##.
...........@## #..## .8 #.
............# #..# .. ##
..........(.# #..# ##. .
...........## #..# .
........#..# .....####>##
.### ..# ... ###.


You could see a two-headed ogre.

Vanquished Creatures
  Grinder (D:4)
  A water moccasin (D:7)
  Edmund (D:6)
  2 orc warriors
  A black bear (D:6)
  4 sky beasts
  4 ogres
  A phantom (D:8)
  5 centaurs
  3 bullfrogs
  A gnoll sergeant (D:7)
  A wyvern skeleton (D:7)
  5 scorpions
  4 killer bees (D:7)
  8 wights (D:7)
  4 howler monkeys
  2 bullfrog zombies
  4 hounds
  5 jellies
  Crazy Yiuf (D:2)
  3 orc priests
  5 orc wizards
  A bullfrog skeleton (D:6)
  Natasha (thrice) (D:2)
  Ijyb (D:4)
  An iguana (D:7)
  7 worker ants
  A killer bee zombie (D:7)
  A hound skeleton (D:7)
  A worker ant zombie (D:8)
  5 gnolls (D:7)
  15 adders
  A shadow imp (D:7)
  5 white imps
  3 ufetubi
  2 oozes (D:1)
  3 adder skeletons
  4 worms
  3 dart slugs
  4 leopard geckos
  20 orcs
  16 bats
  A bat zombie (D:2)
  7 giant cockroaches
  6 goblins
  2 hobgoblins
  12 jackals
  7 kobolds
  4 quokkas
  2 ball pythons
  4 frilled lizards
  A jackal skeleton (D:6)
  10 rats
219 creatures vanquished.

Vanquished Creatures (others)
  An orc (D:4)
  6 fungi (D:5)
  22 plants
29 creatures vanquished.

Grand Total: 248 creatures vanquished

Notes
Turn   | Place    | Note
-------+----------+-------------------------------------------
     0 | D:1      | teolandon225 the Gargoyle Gladiator began the quest for the
                  | Orb.
     0 | D:1      | Reached XP level 1. HP: 12/12 MP: 1/1
   152 | D:1      | Reached XP level 2. HP: 15/18 MP: 2/2
   414 | D:1      | Reached skill level 1 in Armour
   414 | D:1      | Reached XP level 3. HP: 22/22 MP: 3/3
  1235 | D:2      | Noticed Natasha
  1250 | D:2      | Killed Natasha
  1251 | D:2      | Reached skill level 4 in Maces & Flails
  1251 | D:2      | Reached XP level 4. HP: 27/28 MP: 4/4
  1371 | D:2      | Found a transporter.
  1395 | D:2      | Found a transporter.
  1624 | D:2      | Reached XP level 5. HP: 32/32 MP: 5/5
  1684 | D:2      | Found a runed translucent door.
  1685 | D:2      | Noticed Crazy Yiuf
  1794 | D:2      | Noticed Natasha
  1804 | D:2      | Killed Natasha
  1970 | D:2      | Found an ornate altar of the Wu Jian Council.
  2311 | D:2      | Noticed Natasha
  2352 | D:2      | Became a worshipper of the Wu Jian Council
  2372 | D:2      | Killed Natasha
  2506 | D:2      | Paralysed by Crazy Yiuf for 3 turns
  2510 | D:2      | Killed Crazy Yiuf
  2511 | D:2      | Reached skill level 5 in Maces & Flails
  2511 | D:2      | Reached XP level 6. HP: 23/38 MP: 6/6
  3342 | D:3      | Found a snail-covered altar of Cheibriados.
  3401 | D:4      | Noticed Ijyb
  3413 | D:4      | Killed Ijyb
  3997 | D:4      | Found a shadowy altar of Dithmenos.
  4053 | D:4      | Found a basalt altar of Yredelemnul.
  4068 | D:4      | Reached * piety under Wu Jian
  4069 | D:4      | Noticed Grinder
  4070 | D:4      | Paralysed by Grinder for 5 turns
  4359 | D:4      | Found a staircase to the Ecumenical Temple.
  4400 | D:4      | Reached XP level 7. HP: 33/44 MP: 7/7
  4595 | D:4      | Killed Grinder
  4596 | D:4      | Reached skill level 6 in Maces & Flails
  4650 | D:4      | Reached skill level 5 in Fighting
  5186 | D:5      | Entered Level 5 of the Dungeon
  5492 | D:5      | Found an opulent altar of Gozag.
  5651 | D:5      | Reached XP level 8. HP: 49/49 MP: 8/8
  5664 | D:5      | Reached skill level 7 in Maces & Flails
  6098 | D:5      | Found a broken altar of Ashenzari.
  6198 | D:6      | Found an iron altar of Okawaru.
  6215 | D:6      | Reached ** piety under Wu Jian
  6239 | D:6      | Noticed Edmund
  6263 | D:6      | Killed Edmund
  6264 | D:6      | Reached skill level 5 in Armour
  6457 | D:6      | Reached skill level 8 in Maces & Flails
  6628 | D:6      | Reached XP level 9. HP: 56/56 MP: 9/9
  7476 | D:7      | Reached skill level 9 in Maces & Flails
  7578 | D:7      | Found an ancient bone altar of Kikubaaqudgha.
  7820 | D:7      | Reached *** piety under Wu Jian
  8456 | D:7      | Reached XP level 10. HP: 42/63 MP: 10/10
  8777 | D:7      | Found an opulent altar of Gozag.
  8810 | D:7      | Reached skill level 10 in Maces & Flails
  9389 | D:8      | Found a bloodstained altar of Trog.
 10183 | D:8      | Reached **** piety under Wu Jian
 10675 | D:8      | Found a sparkling altar of Nemelex Xobeh.
 10695 | D:8      | Noticed a two-headed ogre
 10725 | D:8      | Slain by a two-headed ogre

Illustrated notes

Levels and vault maps discovered:
D:1:      dpeg_arrival_erosion, layout_rooms, serial_corexii_hall,
          corexii_hall_statues_i, chequers_hall_statues_wall_a, minmay_tall_x
D:2:      layout_rooms, gammafunk_temple_overflow_arena,
          lexackson_kobold_supper, uniq_natasha, uniq_crazy_yiuf_cottage
D:3:      layout_loops_ring, kennysheep_slug_shrine, minmay_misc_feat_x
D:4:      layout_loops_ring, grunt_dithmenos_smoke_and_mirrors,
          lemuel_round_altar, minmay_temple_entry_gardened_gates,
          lemuel_old_faithful, uniq_ijyb, uniq_grinder
D:5:      old_forge, layout_basic, lemuel_crystal_altar,
          nicolae_ashenzari_panopticon
D:6:      kb_forest_paths, layout_basic, okawaru_ov_weapons_minmay, uniq_edmund
D:7:      layout_gridville, kennysheep_mini, corexii_hall_statues_i,
          grunt_gozag_statues
D:8:      layout_cave_pods, regret_index_temple_of_mockery, bloody_trog,
          general_overflow_altar, minmay_alternating_orb

Skill      XL: |  1  2  3  4  5  6  7  8  9 10 |
---------------+-------------------------------+-----
Armour         | 1 2 3 4 5 7 |  7.5
Fighting       | 3 4 5 6 7 8 |  8.0
Maces & Flails | 4 5 6 8 9 10 | 10.3
Dodging        | 4 |  4.6
Throwing       | |  1.7

Action                   |  1- 3 |  4- 6 |  7- 9 | 10-12 || total
-------------------------+-------+-------+-------+-------++-------
Melee: Flail             |   122 |   238 |   193 |       ||   553
       Dire flail        |       |       |   281 |   226 ||   507
Throw: Throwing net      |       |     3 |       |       ||     3
Invok: Lunge             |       |    10 |    20 |     9 ||    39
       Whirlwind         |       |       |   107 |    26 ||   133
       Serpent's Lash    |       |       |       |     1 ||     1
 Abil: Wall Jump         |       |       |     2 |       ||     2
  Use: Scroll            |     6 |    12 |     8 |     4 ||    30
       Potion            |       |       |     2 |     2 ||     4
Armor: Chain mail        |    96 |   193 |   336 |   207 ||   832
       Leather armour    |     3 |       |       |       ||     3
Dodge: Dodged            |    61 |   143 |   211 |   159 ||   574
